 Dungeon Crawl Stone Soup version 0.31-a0-360-gb3e1d13bf4 (webtiles) character file.

Game seed: 17733014262456134862

43211 freelancePsychic the Fighter (level 13, 0/85 HPs)
             Began as a Deep Elf Cinder Acolyte on July 26, 2023.
             Was an Elder of Vehumet.
             Slain by a skyshark (4 damage)
             ... on level 5 of the Lair of Beasts.
             The game lasted 00:37:21 (17832 turns).

freelancePsychic the Fighter (DECA)                Turns: 17832, Time: 00:37:22

Health: 0/85       AC:  9    Str: 11    XL:     13   Next: 89%
Magic:  33/37      EV: 14    Int: 25    God:    Vehumet [****..]
Gold:   655        SH:  7    Dex: 10    Spells: 18/31 levels left

rFire   . . .        a - staff of conjuration
rCold   . . .        E - +2 buckler {reflect}
rNeg    . . .        H - +0 troll leather armour
rPois   .            (no helmet)
rElec   .            M - +2 cloak
rCorr   .            J - +0 pair of gloves
SInv    .            m - +0 pair of boots
Will    +....        K - amulet of magic regeneration
Stlth   ++++         I - ring of flight
HPRegen 1.14/turn    B - ring of magical power
MPRegen 0.65/turn

%: reflection
@: flying
A: no striking features
a: Renounce Religion


You were on level 5 of the Lair of Beasts.
You worshipped Vehumet.
Vehumet was greatly pleased with you.
You visited 3 branches of the dungeon, and saw 16 of its levels.
You also visited: Volcano.

You collected 1202 gold pieces.
You spent 547 gold pieces at shops.

Inventory:

Hand Weapons
 b - a +3 dagger of electrocution
 r - a +2 demon trident of flaming
Armour
 m - a +0 pair of boots (worn)
 z - a +2 leather armour of fire resistance
 E - a +2 buckler of reflection (worn)
 H - a +0 troll leather armour (worn)
 J - a +0 pair of gloves (worn)
 M - a +2 cloak (worn)
Magical Staves
 a - a staff of conjuration (weapon)
 t - a staff of air
Jewellery
 c - an amulet of regeneration
 h - a ring of ice
 B - a ring of magical power (right hand)
 I - a ring of flight (left hand)
 K - an amulet of magic regeneration (around neck)
Talismans
 g - a talisman of death
Wands
 p - a wand of quicksilver (15)
 s - a wand of roots (6)
 u - a wand of paralysis (14)
 y - a wand of flame (16)
 F - a wand of mindburst (4)
Scrolls
 d - a scroll of fog
 f - a scroll of poison
 v - 5 scrolls of teleportation {@r4}
 x - 2 scrolls of immolation
 C - a scroll of fear
 N - a scroll of summoning {unknown}
 O - 4 scrolls of revelation
 P - 2 scrolls of identify {@r1}
Potions
 e - 7 potions of attraction
 i - a potion of haste {unknown}
 j - 4 potions of magic
 k - 2 potions of mutation
 l - 2 potions of might
 n - 2 potions of brilliance
 o - 3 potions of lignification
 q - 6 potions of enlightenment
 w - a potion of heal wounds {@q2}
 A - 2 potions of curing {@q1}
Miscellaneous
 D - a phantom mirror (inert)
 L - a lightning rod (4/4)


   Skills:
 + Level 11.9 Fighting
 - Level 3.0 Short Blades
 - Level 10.0 Dodging
 - Level 10.0 Stealth
 - Level 5.0 Shields
 - Level 9.5 Spellcasting
 - Level 8.8 Conjurations
 * Level 11.0 Fire Magic
 - Level 5.2 Earth Magic
 - Level 5.0 Evocations


You had 18 spell levels left.
You knew the following spells:

 Your Spells              Type           Power      Damage    Failure   Level
a - Stone Arrow           Conj/Erth      100%       3d13      1%          3
b - Scorch                Fire           100%       2d9       1%          2
d - Sticky Flame          Conj/Fire      75%        2d9       1%          4
e - Flame Wave            Conj/Fire      75%        2d17      1%          4

Your spell library contained the following spells:

 Spells                   Type           Power      Damage    Failure   Level
 Olgreb's Toxic Radiance  Pois           11%        N/A       24%         4
 Ignite Poison            Fire/Tmut/Pois 30%        N/A       1%          3
 Frozen Ramparts          Ice            22%        1d4       8%          3
 Cigotuvi's Dreadful Rot  Necr/Pois/Air  22%        N/A       14%         2
 Freezing Cloud           Conj/Ice/Air   19%        6-21      21%         5
 Summon Guardian Golem    Hex/Summ       11%        N/A       28%         3
 Animate Armour           Summ/Erth      50%        N/A       32%         4
 Orb of Destruction       Conj           35%        9d10      45%         7
 Anguish                  Hex/Necr       5%         N/A       67%         4
 Ignition                 Fire           30%        3d10      83%         8
 Metabolic Englaciation   Hex/Ice        5%         N/A       95%         5
 Silence                  Hex/Air        5%         N/A       95%         5
 Spellforged Servitor     Conj/Summ      25%        N/A       95%         7
 Summon Cactus Giant      Summ           5%         N/A       100%        6
 Lehudib's Crystal Spear  Conj/Erth      31%        10d8      100%        8


Dungeon Overview and Level Annotations

Branches:
Dungeon (10/15)            Temple (1/1) D:6            Lair (5/5) D:8
  Snake (0/4) Lair:3        Slime (0/5) Lair:4          Orc (0/2) D:9
Volcano (visited)
  Swamp: Lair:2-3    Shoals: Lair:2-3

Altars:
Ashenzari
Cheibriados
Dithmenos
Elyvilon
Fedhas
Gozag
Hepliaklqana
Kikubaaqudgha
Makhleb
Nemelex Xobeh
Okawaru
Qazlal
Ru
Sif Muna
Trog
Uskayaw
Vehumet
Wu Jian
Xom
Yredelemnul
Zin
The Shining One
Jiyva

Shops:
D:8 *=?[

Annotations:
D:4 1 runed translucent door, Crazy Yiuf
D:5 exclusions: centaur and quokka
Lair:4 4 runed translucent doors, Fagh's ghost, journeyman DsCK


Message History

Unknown command.
Unknown command.
Unknown command.
Unknown command.
Unknown command.
Unknown command.
Unknown command.
Unknown command.
Unknown command.
A cane toad comes into view.
Aiming: Quicksilver Bolt
Press: ? - help, Shift-Dir - straight line, f/p - komodo dragon
Aim: a komodo dragon (almost dead, fleeing, 81% to hit)
The bolt of dispelling energy hits the skyshark!!
The skyshark is severely wounded.
The bolt of dispelling energy hits the komodo dragon!
You kill the komodo dragon!
Vehumet accepts your kill.
You feel your power returning.
The cane toad croaks.
The skyshark bites you!!
* * * LOW HITPOINT WARNING * * *
The skyshark tail-slaps you.
* * * LOW HITPOINT WARNING * * *
You block the skyshark's attack.
Your Fire Magic skill increases to level 11!
Okay, then.
Okay, then.
Aiming: Quicksilver Bolt
Press: ? - help, Shift-Dir - straight line, f - skyshark
Aim: a skyshark (severely wounded, berserk, 81% to hit)
The bolt of dispelling energy hits the skyshark!!
The skyshark is almost dead.
The bolt of dispelling energy hits the cane toad!!
The cane toad is severely wounded.
The skyshark barely misses you. The skyshark tail-slaps you.
* * * LOW HITPOINT WARNING * * *
You block the skyshark's attack. The skyshark misses you.
The skyshark tail-slaps you.
You die...

.. #.. ##.......
....###.. #.......
........§§ #......##.
##.< #......+.. ..#..§ #
##.......# .###..
...+#........#####..#...
................#.#.....
.......@l..hF.h.........
..............l.........
....................h...
.#P..#.#....#.#.P.......
###P##....###.#....h...
# #.#...# ##..####..
####..## #...# #.<.#
...# ........+..+ ....+


You could see a skyshark (berserk), a polar bear, a komodo dragon (wandering), a
cane toad and a wolf.

Vanquished Creatures
  Snorg (D:10)
  4 hydras
  Erolcha (D:10)
  A two-headed ogre (D:10)
  A tengu warrior (D:9)
  Amaemon (D:10)
  A skyshark (Lair:4)
  A sea snake (Lair:5)
  2 skeletal warriors (Volcano)
  A bog body (Lair:3)
  3 anaconda skeletons (Volcano)
  Pikel (D:8)
  2 deep elf pyromancers (D:9)
  2 manticores (D:9)
  A salamander (Lair:3)
  9 elephants
  2 black mambas
  An orange demon (D:10)
  5 gargoyles (Volcano)
  Maggie (D:7)
  2 rime drakes (Lair:1)
  Psyche (D:9)
  10 cane toads
  7 komodo dragons
  A hornet (Lair:4)
  2 trolls
  2 polar bears
  2 harpy skeletons (Volcano)
  A slime creature (D:9)
  Sigmund (D:6)
  22 dream sheep
  2 flying skulls (Volcano)
  3 wyverns (Lair:2)
  2 alligator skeletons (Volcano)
  2 wraiths (D:10)
  27 yaks
  2 basilisks
  19 fire elementals
  Grum (D:8)
  2 vampire mosquitoes (D:10)
  Menkaure (D:7)
  A warg (D:9)
  Duvessa (D:7)
  15 water moccasins
  An ice beast (D:5)
  6 orc warriors
  3 black bears
  2 lemures (D:8)
  15 wolves
  4 centaurs
  A phantom (D:6)
  A kobold brigand (D:8)
  17 bullfrogs
  3 gnoll sergeants
  4 scorpions
  12 wights
  Dowan (D:7)
  A troll skeleton (Volcano)
  4 killer bees (D:9)
  5 howler monkeys
  A spriggan skeleton (Volcano)
  2 electric eels
  4 hounds
  2 lava snakes (Lair:3)
  9 orc priests
  A gnoll bouda (D:8)
  A jelly (D:7)
  A sleepcap (D:5)
  5 iguanas
  13 orc wizards
  2 naga skeletons (Volcano)
  A mummy (D:4)
  22 gnolls
  5 adders
  3 white imps
  2 ufetubi (D:5)
  2 worms
  A dart slug (D:1)
  47 orcs
  4 bats
  5 endoplasms
  2 giant cockroaches
  11 goblins
  4 hobgoblins
  4 jackals (D:4)
  11 kobolds
  8 quokkas
  8 ball pythons
  A frilled lizard (D:1)
  7 rats
439 creatures vanquished.

Vanquished Creatures (others)
  A komodo dragon (Lair:5)
  A flying skull (Volcano)
  An orc (D:7)
  96 foxfires
99 creatures vanquished.

Grand Total: 538 creatures vanquished

Notes
Turn   | Place    | Note
-------+----------+-------------------------------------------
     0 | D:1      | freelancePsychic the Deep Elf Cinder Acolyte began the
                  | quest for the Orb.
     0 | D:1      | Reached XP level 1. HP: 13/13 MP: 5/5
   152 | D:1      | Reached XP level 2. HP: 18/18 MP: 6/6
   155 | D:1      | Learned a level 2 spell: Scorch
   217 | D:1      | Reached skill level 1 in Stealth
  1137 | D:2      | Reached XP level 3. HP: 22/22 MP: 0/8
  2040 | D:2      | Reached XP level 4. HP: 27/27 MP: 2/9
  2284 | D:3      | Found an ornate altar of the Wu Jian Council.
  2307 | D:3      | Found a shadowy altar of Dithmenos.
  3001 | D:3      | Reached skill level 1 in Conjurations
  3001 | D:3      | Reached skill level 1 in Earth Magic
  3068 | D:3      | Found an ancient bone altar of Kikubaaqudgha.
  3322 | D:3      | Found a faded altar of an unknown god.
  3577 | D:4      | Reached XP level 5. HP: 32/32 MP: 8/11
  3583 | D:3      | Learned a level 3 spell: Stone Arrow
  4120 | D:4      | Found a snail-covered altar of Cheibriados.
  4280 | D:4      | Found an iron altar of Okawaru.
  4444 | D:4      | Found a runed translucent door.
  4445 | D:4      | Noticed Crazy Yiuf
  4475 | D:5      | Entered Level 5 of the Dungeon
  4544 | D:5      | Noticed a centaur
  4608 | D:5      | Reached XP level 6. HP: 37/37 MP: 3/13
  4918 | D:5      | Noticed an ice beast
  4926 | D:5      | Killed an ice beast
  4927 | D:5      | Reached XP level 7. HP: 41/41 MP: 1/15
  5441 | D:6      | Found a staircase to the Ecumenical Temple.
  5798 | D:6      | Reached skill level 5 in Conjurations
  5798 | D:6      | Reached XP level 8. HP: 48/48 MP: 10/17
  5823 | D:5      | Reached skill level 5 in Spellcasting
  5976 | D:5      | Reached skill level 5 in Stealth
  6317 | D:7      | Noticed Duvessa
  6433 | D:7      | Found a basalt altar of Yredelemnul.
  6532 | D:7      | Noticed Menkaure
  6810 | D:7      | Killed Menkaure
  6810 | D:7      | Noticed Maggie
  6822 | D:7      | Reached XP level 9. HP: 52/52 MP: 1/20
  6872 | D:7      | Noticed Dowan
  6878 | D:7      | Killed Duvessa
  6878 | D:7      | Killed Dowan
  6923 | D:7      | Reached skill level 5 in Fighting
  6923 | D:7      | Reached skill level 5 in Earth Magic
  6983 | D:6      | Noticed Sigmund
  7006 | D:6      | Killed Sigmund
  7197 | D:6      | Found a glowing golden altar of the Shining One.
  7237 | D:6      | Learned a level 4 spell: Sticky Flame
  7620 | D:7      | Killed Maggie
  8195 | D:7      | Found a basalt altar of Yredelemnul.
  8248 | D:7      | Reached skill level 5 in Fire Magic
  8274 | D:7      | Reached XP level 10. HP: 46/60 MP: 5/24
  8733 | D:8      | Found Lick's Antique Armour Shoppe.
  8734 | D:8      | Found Jufres's Magic Scroll Boutique.
  8734 | D:8      | Found Visul's Jewellery Shop.
  8798 | D:8      | Found Xasiot's General Store.
  8819 | D:8      | Bought a scroll of revelation for 97 gold pieces
  8887 | D:8      | Noticed Grum
  8899 | D:8      | Killed Grum
  9035 | D:8      | Found a staircase to the Lair.
  9475 | D:8      | Noticed Pikel
  9483 | D:8      | Killed Pikel
  9737 | D:8      | Found a hide-covered altar of Uskayaw.
 10208 | D:8      | Learned a level 4 spell: Flame Wave
 10243 | D:9      | Noticed a manticore
 10324 | D:9      | Noticed a deep elf pyromancer
 10328 | D:9      | Killed a deep elf pyromancer
 10553 | D:9      | Reached skill level 10 in Stealth
 10688 | D:9      | Noticed a manticore
 10995 | D:9      | Noticed Psyche
 11035 | D:9      | Noticed a tengu warrior
 11053 | D:9      | Killed a tengu warrior
 11054 | D:9      | Reached skill level 1 in Dodging
 11054 | D:9      | Reached skill level 1 in Shields
 11054 | D:9      | Reached XP level 11. HP: 67/67 MP: 19/26
 11087 | D:9      | Killed Psyche
 11363 | D:9      | Found a staircase to the Orcish Mines.
 11499 | D:9      | Identified the +1 robe of Yqiras {Rampage +Inv rElec}
 11586 | D:9      | Noticed a deep elf pyromancer
 11592 | D:9      | Killed a deep elf pyromancer
 12065 | D:9      | Got the Verses on Hexing Algor
 12112 | D:10     | Entered Level 10 of the Dungeon
 12344 | Temple   | Entered the Ecumenical Temple
 12350 | Temple   | Fell from the grace of Ignis
 12350 | Temple   | Became a worshipper of Vehumet
 12470 | D:10     | Noticed Snorg
 12509 | D:10     | Killed Snorg
 12510 | D:10     | Reached skill level 5 in Dodging
 12562 | D:8      | Bought an amulet of magic regeneration for 450 gold pieces
 12572 | D:8      | You fall into a shaft and drop 2 floors!
 12752 | D:10     | Noticed Erolcha
 12762 | D:10     | Killed Erolcha
 12874 | D:10     | Found a blossoming altar of Fedhas.
 12896 | D:10     | Noticed Amaemon
 12922 | D:10     | Noticed a two-headed ogre
 12936 | D:10     | Killed a two-headed ogre
 12977 | D:10     | Killed Amaemon
 13288 | D:10     | Reached skill level 5 in Shields
 13424 | Lair:1   | Entered Level 1 of the Lair of Beasts
 13544 | Lair:1   | Reached XP level 12. HP: 58/76 MP: 13/27
 13681 | Lair:1   | Reached * piety under Vehumet
 13681 | Lair:1   | Offered knowledge of Shock by Vehumet.
 13682 | Lair:1   | Reached skill level 10 in Fighting
 14547 | Lair:1   | You are sucked into a shaft and drop 1 floor!
 14627 | Lair:2   | Reached skill level 1 in Evocations
 14641 | Lair:2   | You are sucked into a shaft and drop 2 floors!
 14847 | Lair:3   | Reached ** piety under Vehumet
 14849 | Lair:3   | Offered knowledge of Sandblast by Vehumet.
 14927 | Lair:2   | Found a dark tunnel.
 14962 | Volcano  | Entered a volcano
 15126 | Volcano  | Reached XP level 13. HP: 43/84 MP: 19/28
 15284 | Volcano  | Offered knowledge of Inner Flame by Vehumet.
 15446 | Volcano  | Reached *** piety under Vehumet
 15881 | Lair:2   | Reached skill level 5 in Evocations
 16017 | Lair:2   | Reached skill level 10 in Fire Magic
 16494 | Lair:3   | Found a staircase to the Snake Pit.
 16607 | Lair:3   | Offered knowledge of Volatile Blastmotes by Vehumet.
 16629 | Lair:3   | You are sucked into a shaft and drop 1 floor!
 16828 | Lair:4   | Reached **** piety under Vehumet
 16878 | Lair:4   | Offered knowledge of Olgreb's Toxic Radiance by Vehumet.
 16879 | Lair:4   | Reached skill level 10 in Dodging
 17014 | Lair:4   | Was forgiven by Ignis
 17175 | Lair:4   | Found a runed translucent door.
 17184 | Lair:4   | Found a viscous altar of Jiyva.
 17216 | Lair:4   | Found a runed translucent gate.
 17228 | Lair:4   | Found a runed translucent gate.
 17229 | Lair:4   | Found a runed translucent gate.
 17287 | Lair:4   | Found a staircase to the Slime Pits.
 17482 | Lair:4   | Noticed Fagh's ghost (journeyman DsCK)
 17585 | Lair:5   | Entered Level 5 of the Lair of Beasts
 17832 | Lair:5   | HP: 4/85 [skyshark (4)]
 17832 | Lair:5   | Slain by a skyshark

Illustrated notes

Levels and vault maps discovered:
D:1:      amcnicky_arrival_underground_garden, layout_loops_ring,
          glass_columns_c
D:2:      layout_loops_corners, minmay_misc_feat_doors, glass_columns_b,
          serial_bayou_pond_c, grunt_decor_junction
D:3:      layout_basic, general_overflow_altar, nicolae_dithmenos_the_darkroom,
          nicolae_wu_jian_wuxing_cycle, hellmonk_ecumenical_altar_crossroads,
          hangedman_decor_riveting
D:4:      layout_cave_pools, kennysheep_mini, slow_altar_1,
          uniq_crazy_yiuf_cottage
D:5:      layout_basic
D:6:      layout_rooms, tso_altar, minmay_temple_entry_wispy,
          minmay_stone_trees_small, uniq_sigmund
D:7:      cheibrodos_helix_gallery, layout_rooms, kennysheep_little_box,
          enter_bailey_7, grunt_decor_cap, uniq_maggie, uniq_duvessa,
          uniq_menkaure
D:8:      layout_rooms, nicolae_uskayaw_dance_studio, lair_entry_dummy,
          nicolae_wooded_promenade, minmay_misc_feat_nine_boxes, st_stairs_6,
          uniq_pikel, uniq_grum
D:9:      minmay_cut_squares, layout_irregular_city, david_orc_1_choice,
          uniq_psyche
D:10:     layout_basic, mainiacjoe_overflow_cross_hatched, uniq_erolcha,
          uniq_snorg, uniq_amaemon
Temple:   nicolae_temple_bog_church
Lair:1:   layout_gridlike, st_stairs_7, grunt_megastairs_1, serial_bayou_shore_a
Lair:2:   layout_loops_ring, enter_volcano_1, grunt_megastairs_2
Lair:3:   layout_cave_pods, nicolae_swamp_entry_splash_gauntlet,
          nicolae_snake_entry_warm_welcome, serial_bayou_shore_b
Lair:4:   layout_regular_city, slime_entry_2, gammafunk_ghost_hydra_chop
Lair:5:   gammafunk_lair_ancient_temple, layout_regular_city

Skill      XL: |  1  2  3  4  5  6  7  8  9 10 11 12 13 |
---------------+----------------------------------------+-----
Stealth        | 1 2 3 4 6 8 10 | 10.0
Spellcasting   | 2 3 4 6 8 9 |  9.5
Fire Magic     | 4 5 7 9 11 | 11.0
Conjurations   | 1 2 3 5 6 7 8 |  8.8
Earth Magic    | 1 2 3 4 5 |  5.2
Fighting       | 3 4 5 7 9 10 11 | 11.9
Dodging        | 1 5 7 10 | 10.0
Shields        | 1 5 |  5.0
Evocations     | 4 5 |  5.0
Short Blades   | |  3.0

Action                     |  1- 3 |  4- 6 |  7- 9 | 10-12 | 13-15 || total
---------------------------+-------+-------+-------+-------+-------++-------
  Melee: Short sword       |    14 |       |       |       |       ||    14
         Dagger            |    23 |    36 |    34 |    18 |       ||   111
         Punch             |     1 |       |       |       |       ||     1
         Staff             |       |       |    26 |    17 |       ||    43
   Cast: Scorch            |    38 |    70 |    45 |    16 |       ||   169
         Stone Arrow       |       |       |    72 |   245 |   138 ||   455
         Sticky Flame      |       |       |     2 |     6 |       ||     8
         Flame Wave        |       |       |       |    35 |    17 ||    52
 Invoke: Foxfire Swarm     |     1 |     2 |     3 |       |       ||     6
         Fiery Armour      |       |       |     1 |     1 |       ||     2
  Evoke: Wand              |       |       |     3 |     2 |     2 ||     7
         Phantom mirror    |       |       |       |     2 |     1 ||     3
    Use: Scroll            |     2 |     4 |     2 |    13 |     2 ||    23
         Potion            |       |     1 |     1 |     3 |     1 ||     6
   Stab: Sleeping          |     1 |       |     1 |       |       ||     2
 Armour: Robe              |    11 |    12 |    17 |       |       ||    40
         Steam dragon scal |       |       |    12 |    27 |       ||    39
         Troll leather arm |       |       |       |    32 |    30 ||    62
  Dodge: Dodged            |    21 |    28 |    56 |    88 |    49 ||   242
  Block: Buckler           |       |       |       |    60 |    37 ||    97
         Reflection        |       |       |       |     3 |       ||     3

Table legend: (Time is in decaauts)
 A = Elapsed time spent in this place.
 B = Non-inter-level travel time spent in this place.
 C = Inter-level travel time spent in this place.
 D = Time resting spent in this place.
 E = Time spent auto-exploring this place.
 F = Levels seen in this place.
 G = Mean time per level.
                   A        B        C        D        E       F      G
               +--------+--------+--------+--------+--------+-----+--------+
         Total |  17849 |  16977 |    872 |   1138 |  12736 |  17 | 1049.9 |
       Dungeon |  13419 |  12747 |    672 |    909 |   9788 |  10 | 1341.9 |
        Temple |     12 |      6 |      6 |      0 |      0 |   1 |   12.0 |
          Lair |   3725 |   3533 |    192 |    147 |   2503 |   5 |  745.0 |
       Volcano |    692 |    692 |      0 |     82 |    445 |   1 |  692.0 |
               +--------+--------+--------+--------+--------+-----+--------+

Top non-repeatable levels by time:
     D:9: 2049 daAuts
     D:8: 1918 daAuts
     D:7: 1568 daAuts
     D:3: 1389 daAuts
     D:6: 1326 daAuts
     D:5: 1242 daAuts
  Lair:4: 1206 daAuts
     D:2: 1194 daAuts
  Lair:1: 1122 daAuts
     D:1: 1015 daAuts
     D:4: 875 daAuts
    D:10: 840 daAuts
  Lair:2: 739 daAuts
 Volcano: 692 daAuts
  Lair:3: 596 daAuts
